 Dungeon Crawl Stone Soup version 0.23-a0-407-g92528d7 (webtiles) character file.

58 MisterFreud the Slasher (level 4, -5/29 HPs)
             Began as an Octopode Gladiator on Nov 7, 2018.
             Slain by a gnoll
             ... wielding a +0 flail
              (11 damage)
             ... on level 2 of the Dungeon.
             The game lasted 00:02:14 (1403 turns).

MisterFreud the Slasher (Octopode Gladiator)        Turns: 1403, Time: 00:02:14

Health: -5/29      AC:  1    Str: 13    XL:     4   Next: 1%
Magic:  4/4        EV: 14    Int: 11    God:
Gold:   54         SH:  0    Dex: 13    Spells: 3/3 levels left

rFire    . . .     SeeInvis .   a - +0 long sword
rCold    . . .     Gourm    .   (no shield)
rNeg     . . .     Faith    .   b - +0 hat
rPois    .         Spirit   .   (no amulet)
rElec    .         Reflect  .   (no ring)
rCorr    .         Harm     .   (no ring)
MR       .....                  (no ring)
Stlth    ++........             (no ring)
HPRegen  0.09/turn              (no ring)
MPRegen  0.09/turn              (no ring)
                                (no ring)
                                (no ring)

@: no status effects
A: almost no armour, stealthy swim, amphibious, 8 rings, constrict 8, camouflage
1, gelatinous body 1
a: no special abilities


You were on level 2 of the Dungeon.
You were very hungry.

You visited 1 branch of the dungeon, and saw 2 of its levels.

You collected 54 gold pieces.

Inventory:

Hand Weapons
 a - a +0 long sword (weapon)
Missiles
 c - 3 throwing nets (quivered)
 g - 17 arrows
 j - 2 tomahawks
 k - 6 poisoned needles
 l - 53 stones
Armour
 b - a +0 hat (worn)
Scrolls
 e - 2 scrolls of identify {unknown}
 f - a scroll of amnesia {unknown}
 m - a scroll of teleportation {unknown}
Potions
 h - a potion of magic {unknown}
 i - a potion of curing
Comestibles
 d - 2 rations


   Skills:
 - Level 2.0 Fighting
 + Level 4.7 Long Blades
 - Level 2.0 Throwing
 - Level 3.0 Dodging


You had 3 spell levels left.
You didn't know any spells.
Your spell library was empty.

Dungeon Overview and Level Annotations

Branches:
Dungeon (2/15)

Altars:


Innate Abilities, Weirdness & Mutations

You cannot wear most types of armour.
You are very stealthy in the water. (Stealth+)
You are amphibious.
You can wear up to eight rings at the same time.
You can use your tentacles to constrict eight enemies at once.
Your skin changes colour to match your surroundings (Stealth+).
Your rubbery body absorbs attacks. (AC +1, EV +1)


Message History

Found 7 gold pieces and 2 scrolls labeled AXOYNW IJIQEAC.
A kobold comes into view. It is wielding a -3 short sword.
Found 19 arrows.
The kobold shouts!
The kobold throws a stone.
The stone closely misses you.
You see here a stone.
The kobold throws a stone.
The stone hits you but does no damage.
You see here a stone.
The kobold throws a stone.
The stone hits you but does no damage.
You see here a stone.
The kobold throws a stone.
The stone barely misses you.
You see here a stone.
The kobold barely misses you.
You riposte.
You barely miss the kobold. Your grab misses the kobold.
You squeeze the kobold.
You kill the kobold!
It was a potion of curing.
You feel better. The gnoll hits you with a +0 flail!
* * * LOW HITPOINT WARNING * * *
You barely miss the gnoll. You grab the gnoll. You constrict the gnoll.
The gnoll hits you with a +0 flail!
You die...

######### ##
#..@....# #!
#..gg...# #.
#(......# #.
#(......# #.
#(...?..#
######.
+(.([.$.+
+...g..
#.......#
#.#####
#.##.....(.#
#g.....
.........####
#.%....


You could see a gnoll and a goblin.

Vanquished Creatures
  3 gnolls (D:2)
  A leopard gecko (D:1)
  6 goblins
  4 hobgoblins (D:1)
  4 kobolds
  3 bats (D:1)
  4 frilled lizards (D:1)
  5 rats
30 creatures vanquished.

Notes
Turn   | Place    | Note
-------+----------+-------------------------------------------
     0 | D:1      | MisterFreud the Octopode Gladiator began the quest for the
                  | Orb.
     0 | D:1      | Reached XP level 1. HP: 14/14 MP: 1/1
   118 | D:1      | Reached XP level 2. HP: 13/19 MP: 2/2
   571 | D:1      | Reached skill level 4 in Long Blades
   915 | D:1      | Reached XP level 3. HP: 24/24 MP: 3/3
  1369 | D:2      | Reached XP level 4. HP: 3/29 MP: 4/4
  1403 | D:2      | Slain by a gnoll

Vault maps used:
D:1:      co_arrival_random_square_maze
D:2:      first_ration

Skill      XL: |  1  2 |
---------------+-------+-----
Long Blades    | 4 |  4.7
Fighting       | |  2.0
Throwing       | |  2.0
Dodging        | |  3.0

Action                   |  1- 3 |  4- 6 || total
-------------------------+-------+-------++-------
Melee: Long sword        |    48 |     1 ||    49
       Constrict         |    13 |     1 ||    14
       Tentacles         |     7 |     1 ||     8
  Use: Potion            |       |     1 ||     1
 Stab: Sleeping          |     2 |       ||     2
Armor: Skin              |     3 |       ||     3
Dodge: Dodged            |    36 |     3 ||    39
       Rpst.: Long sword |     9 |     1 ||    10

Table legend:
 A = Non-vault XP
 B = Vault XP
 C = Vault XP percentage of total XP
 D = Non-vault monster count
 E = Vault monster count
 F = Vault count percentage of total count
                 A         B        C        D         E       F
            +---------+---------+-------+---------+---------+-------
      Total |      83 |       0 |   0.0 |      30 |       0 |   0.0
            +---------+---------+-------+---------+---------+-------
        D:1 |      37 |       0 |   0.0 |      23 |       0 |   0.0
        D:2 |      46 |       0 |   0.0 |       7 |       0 |   0.0
            +---------+---------+-------+---------+---------+-------
